Unix NetHack Version 5.0.0-0 post-release - last build Jul 19 2026 19:10:59 (3aa4ab31751d3886436d94b585a96704892fd477,branch:main).

Game began 2026-07-20 10:59:38, ended 2026-07-20 14:54:02.

Jandor, neutral male human Wizard

                                                                 ------------
      -----------                                               #.........).|
      |.........|       --------------                          #|..%%.%.>..|
      |.........-#     #[............-################         ##|...[".""""|
      |.........|##    #|.......<....|               ####    ### ----.-------
      ---------.- #   ##|...._.......|                  ########     #
               #  ## ## -------a------                         #     #
               #   # #         @                               %     #
               #   ###        #f                               ###   #
             ###   ##         #                       [          #   ###
         ----.-----##         #                                  #### -|---
         |).......|####       #                                       |...|
         |........|#  #     --%----                                   |...|
         |........-#  #     |(....|#####                              |...|
         |........|   ## ###-.....|#                                  |.<.|
         |........-#######  |......##                                 |...|
         ----------         |.....|#                                  -----
                            |.....|
                            -------

Jandor the Thaumaturge    St:9 Dx:14 Co:17 In:17 Wi:12 Ch:8  Neutral
Dlvl:7  $:165 HP:0(65) Pw:68(71) AC:-3 Xp:8/1362 T:7858  Burdened

Latest messages:
 You hit the jaguar.
 The jaguar hits!
 The jaguar hits again!
 The jaguar bites!
 The giant ant misses!
 What do you want to zap? [f or ?*] f
 In what direction? 2
 The sleep ray hits the jaguar.
 The sleep ray bounces!
 The sleep ray hits the jaguar.
 The sleep ray whizzes by you!
 The sleep ray hits the giant ant.
 You hit the jaguar.
 You hit the jaguar.
 You hit the jaguar.
 The jaguar hits!
 The jaguar hits again!
 The jaguar misses!
 What do you want to zap? [f or ?*] f
 In what direction? 2
 The sleep ray hits the jaguar.
 The sleep ray bounces!
 The sleep ray hits the jaguar.
 The sleep ray hits you!
 The sleep ray hits the giant ant.
 The jaguar hits!
 The jaguar misses!
 The jaguar bites!
 The jaguar hits!
 The jaguar just misses!
 The jaguar bites!
 The jaguar misses!
 The jaguar misses!
 The jaguar just misses!
 The jaguar hits!
 The jaguar hits again!
 The jaguar bites!
 The jaguar hits!
 The jaguar hits again!
 The jaguar misses!
 The jaguar hits!
 The jaguar misses!
 The jaguar misses!
 The jaguar hits!
 The jaguar hits again!
 The jaguar bites!
 You die...
 Do you want your possessions identified? [ynq] (y) y
 Do you want to see your attributes? [ynq] (y) n
 Do you want an account of creatures vanquished? [ynaq] (y) q

Inventory:
 Coins    ('$')
  $ - 165 gold pieces
 Weapons  (')')
  z - a +0 dagger
  x - a +0 elven dagger (weapon in right hand)
  i - a cursed +0 orcish dagger
  a - a blessed +1 quarterstaff
 Armor    ('[')
  F - an uncursed +0 dwarvish iron helm (being worn)
  g - an uncursed +1 pair of leather gloves (being worn)
  C - an uncursed +0 pair of jumping boots (being worn)
  y - an uncursed +0 shield of shock resistance (being worn)
  b - an uncursed +0 cloak of magic resistance (being worn)
  W - an uncursed +0 mummy wrapping
  G - an uncursed +0 dwarvish mithril-coat (being worn)
 Comestibles  ('%')
  P - 3 uncursed food rations
  X - an uncursed tripe ration
  c - 2 uncursed tins of spinach
 Scrolls  ('?')
  s - an uncursed scroll of create monster
  Q - an uncursed scroll of destroy armor
  t - an uncursed scroll of food detection
  p - 2 uncursed scrolls of light
  Z - a cursed scroll of light
  A - an uncursed scroll of remove curse
  B - a cursed scroll of remove curse
  j - a cursed scroll of scare monster
  D - 2 uncursed scrolls of teleportation
 Spellbooks  ('+')
  S - an uncursed spellbook of confuse monster
  M - a blessed spellbook of detect food
  R - a blessed spellbook of detect unseen
 Potions  ('!')
  r - 4 cursed potions of healing
  U - a blessed potion of invisibility
  L - a blessed potion of object detection
  I - an uncursed potion of oil
  V - an uncursed potion of paralysis
  H - an uncursed potion of water
 Rings    ('=')
  e - an uncursed +3 ring of gain constitution
  d - a blessed +1 ring of protection
 Wands    ('/')
  f - a wand of sleep (0:3)
 Tools    ('(')
  N - an uncursed skeleton key
  v - an uncursed tin whistle
 Gems/Stones  ('*')
  k - 2 uncursed worthless pieces of yellow glass

Jandor the Wizard's attributes:

Background:
 You were a Thaumaturge, a level 8 male human Wizard.
 You were neutral, on a mission for Thoth
 who was opposed by Ptah (lawful) and Anhur (chaotic).
 You were right-handed.
 You were in the Dungeons of Doom, on level 7.
 You entered the dungeon 7858 turns ago.
 You had 1362 experience points, 1198 more were needed to attain level 9.

Basics:
 You had 0 out of 65 hit points.
 You had 68 out of 71 energy points (spell power).
 Your armor class was -3.
 Your wallet contained 165 zorkmids.
 Autopickup was off.

Final Characteristics:
 Your strength was 9 (peak:13, limit:18/100).
 Your dexterity was 14 (limit:18).
 Your constitution was 17 (limit:18).
 Your intelligence was 17 (limit:18).
 Your wisdom was 12 (limit:18).
 Your charisma was 8 (limit:18).

Final Status:
 You weren't hungry.
 You were burdened; movement was slightly slowed.
 You were wielding a dagger.
 You were skilled in dagger.

Final Attributes:
 You were piously aligned.
 You were magic-protected.
 You were shock resistant.
 Your items were protected from electric shocks.
 You were telepathic.
 You could jump.
 You were guarded.
 Your spell casting was impaired by metallic armor.
 You are dead.

Miscellaneous:
 You didn't encounter any bones levels.
 Total elapsed playing time was 2 hours, 55 minutes and 4 seconds.

Major events:
 Turn
    1: Jandor the neutral male human Wizard entered the dungeon
  586: attained the rank of Conjurer (level 3)
 2754: entered the Gnomish Mines
 3567: attained the rank of Thaumaturge (level 6)
 7858: killed by a jaguar, while sleeping

Spells:
 Name                 Level Category     Fail Retention
 force bolt             1   attack       100%   61%-65%
 detect monsters        1   divination   100%   61%-70%
 detect food            2   divination   100%   81%-90%
 confuse monster        1   enchantment  100%   81%-90%

Skills:
 Fighting Skills
   bare handed combat [Unskilled]
   riding             [Unskilled]
 Weapon Skills
   dagger             [Skilled]
   knife              [Unskilled]
   axe                [Unskilled]
   short sword        [Unskilled]
   club               [Unskilled]
   mace               [Unskilled]
   quarterstaff       [Basic]
   polearms           [Unskilled]
   spear              [Unskilled]
   trident            [Unskilled]
   sling              [Unskilled]
   dart               [Unskilled]
   shuriken           [Unskilled]
 Spellcasting Skills
   attack spells      [Skilled]
   healing spells     [Unskilled]
   divination spells  [Basic]
   enchantment spells [Basic]
   clerical spells    [Unskilled]
   escape spells      [Unskilled]
   matter spells      [Unskilled]

Voluntary challenges:
 Character rerolling was not enabled.
 You never genocided any monsters.
 You never polymorphed an object.
 You never changed form.
 You used no wishes.
Achievements:
 You attained the rank of Conjurer.
 You entered a shop.
 You entered the Gnomish Mines.
 You attained the rank of Thaumaturge.

 The Dungeons of Doom: levels 1 to 7
    Level 1:
    Level 2:
       A potion shop, some fountains.
    Level 3:
       A potion shop, some fountains.
    Level 4:
       An armor shop, some fountains.
       Stairs down to The Gnomish Mines.
    Level 5:
       A general store, an altar to Thoth, a fountain, a sink.
    Level 6:
       Many fountains.
       Oracle of Delphi.
    Level 7: <- You were here.
       An altar to Thoth.
       Final resting place for
          you, killed by a jaguar, while sleeping.
 The Gnomish Mines:
    Level 5:


Vanquished creatures:
  a large mimic
  a small mimic
  a tengu
  a quivering blob
  a leprechaun
  a giant spider
  a baby long worm
  a dingo
  a dwarf leader
  2 blue jellies
  a dust vortex
  a plains centaur
  a gnome mummy
  a human zombie
  a bugbear
 an imp
  a mountain nymph
  2 Uruk-hai
  a rock piercer
  2 rock moles
  a fog cloud
  2 yellow lights
  3 violet fungi
  3 gnome leaders
  a guardian naga hatchling
  a gray ooze
  4 elf zombies
  a straw golem
  5 giant ants
  a little dog
  7 floating eyes
  2 kittens
  3 dwarves
  2 homunculi
  6 hill orcs
  3 rothes
  a rabid rat
  4 giant bats
  2 orc zombies
  5 dwarf zombies
  2 werejackals
  2 iguanas
  a gas spore
  2 hobbits
  a large kobold
  a hobgoblin
  2 cave spiders
  a yellow mold
  a green mold
  a red mold
  8 gnomes
  3 garter snakes
  8 gnome zombies
  4 geckos
  7 jackals
  2 foxes
  3 grid bugs
  3 bats
  7 lichens
  7 kobold zombies
  6 newts
152 creatures vanquished.

No species were genocided or became extinct.

Game over:
                       ----------
                      /          \
                     /    REST    \
                    /      IN      \
                   /     PEACE      \
                  /                  \
                  |      Jandor      |
                  |      165 Au      |
                  |   killed by a    |
                  |      jaguar      |
                  |                  |
                  |                  |
                  |       2026       |
                 *|     *  *  *      | *
        _________)/\\_//(\/(/\)/\//\/|_)_______

Goodbye Jandor the Wizard...

You died in The Dungeons of Doom on dungeon level 7 with 5907 points,
and 165 pieces of gold, after 7858 moves.
You were level 8 with a maximum of 65 hit points when you died.

